 Seeded DCSS version 0.31-a0-214-gb37851dbb3 (webtiles) character file.

Game seed: 17612545735370830489 (custom seed)

67 innerfire43 the Trooper (level 4, -3/35 HPs)
             Began as a Demonspawn Monk on July 1, 2023.
             Slain by Crazy Yiuf
             ... wielding a +4 quarterstaff of chaos
              (12 damage)
             ... on level 2 of the Dungeon.
             The game lasted 00:02:32 (1095 turns).

innerfire43 the Trooper (Demonspawn Monk)           Turns: 1095, Time: 00:02:33

Health: -3/35      AC:  5    Str: 13    XL:     4   Next: 0%
Magic:  4/4        EV: 12    Int: 14    God:
Gold:   113        SH:  0    Dex: 15    Spells: 3/3 levels left

rFire   . . .        k - +2 double sword (spect)
rCold   . . .        h - +10 tower shield of Ignorance {rN+ Int-4}
rNeg    + + .        j - +2 leather armour of Impatience {rN+ Stlth+}
rPois   .            (no helmet)
rElec   .            (no cloak)
rCorr   .            (no gloves)
SInv    +            (no boots)
Will    .....        (no amulet)
Stlth   ++           f - +6 ring of intelligence
HPRegen 0.25/turn    i - ring of see invisible
MPRegen 0.09/turn

%: no passive effects
@: confused, agile, ambrosia-drunk
A: powered by pain 1, weakness stinger 1
a: no special abilities


You were on level 2 of the Dungeon.
You visited 1 branch of the dungeon, and saw 2 of its levels.

You collected 1407 gold pieces.
You spent 1294 gold pieces at shops.

Inventory:

Hand Weapons
 a - a +0 short sword
 k - a +2 spectral double sword (weapon)
Armour
 b - a +0 robe
 d - an orb of light
 h - the +10 tower shield of Ignorance (worn) {rN+ Int-4}
   (You bought it in a shop on level 1 of the Dungeon)

   Int:       It affects your intelligence (-4).
   rN:        It protects you from negative energy.
 j - the +2 leather armour of Impatience (worn) {rN+ Stlth+}
   (You bought it in a shop on level 1 of the Dungeon)

   rN:        It protects you from negative energy.
   Stlth:     It makes you more stealthy.
Jewellery
 f - a +6 ring of intelligence (left hand)
 i - a ring of see invisible (right hand)
Scrolls
 l - a scroll of identify
 m - 3 scrolls of amnesia {unknown}
Potions
 c - 2 potions of ambrosia
 e - 2 potions of brilliance {unknown}
 g - a potion of heal wounds {unknown}
 n - a potion of mutation {unknown}
 o - a potion of degeneration {unknown}


   Skills:
 - Level 3.2 Fighting
 - Level 2.9(3.2) Short Blades
 * Level 1.7(2.5) Long Blades
 - Level 2.9 Dodging
 * Level 1.7 Shields


You had 3 spell levels left.
You didn't know any spells.
Your spell library contained the following spells:

 Spells                   Type           Power      Damage    Failure   Level
 Slow                     Hex            0%         N/A       100%        1
 Confusing Touch          Hex            0%         N/A       100%        3
 Vampiric Draining        Necr           0%         2d6       100%        3
 Volatile Blastmotes      Fire/Tloc      0%         2d10      100%        3
 Fulminant Prism          Conj/Hex       0%         3d5       100%        4
 Iskenderun's Mystic Bla  Conj/Tloc      0%         2d3       100%        4
 Lee's Rapid Deconstruct  Erth           0%         3d4*      100%        5


Dungeon Overview and Level Annotations

Branches:
Dungeon (2/15)

Altars:

Shops:
D:1 ([??

Annotations:
D:2 Crazy Yiuf


Innate Abilities, Weirdness & Mutations

You sometimes gain a little power by taking damage.
You have a small tail.


Message History

You barely miss Crazy Yiuf.
Your tail-slap misses Crazy Yiuf.
You block Crazy Yiuf's attack.
Crazy Yiuf hits you with a +4 quarterstaff of chaos.
You feel agile all of a sudden.
You hit Crazy Yiuf.
Crazy Yiuf is moderately wounded.
Crazy Yiuf hits you with a +4 quarterstaff of chaos!!
Ouch! That really hurt!
You focus on the pain.
You feel more agile all of a sudden.
You feel your power leaking away.
Crazy Yiuf says, "Key!
Trifle green rumpyflump."
You block Crazy Yiuf's attack.
You hit Crazy Yiuf.
Crazy Yiuf is moderately wounded.
You block Crazy Yiuf's attack. x2
You closely miss Crazy Yiuf. You tail-slap Crazy Yiuf.
Crazy Yiuf is heavily wounded.
You block Crazy Yiuf's attack.
You completely miss Crazy Yiuf.
Crazy Yiuf is heavily wounded.
You block Crazy Yiuf's attack.
Crazy Yiuf grits, "Castle arga sing!"
Crazy Yiuf hits you with a +4 quarterstaff of chaos!
* * * LOW HITPOINT WARNING * * *
Crazy Yiuf burns you.
* * * LOW HITPOINT WARNING * * *
You are confused.
You feel invigorated. Crazy Yiuf completely misses you.
Unknown command.
You bump into the rock wall.
Crazy Yiuf hits you with a +4 quarterstaff of chaos.
* * * LOW HITPOINT WARNING * * *
Crazy Yiuf freezes you.
* * * LOW HITPOINT WARNING * * *
Unknown command.
You barely miss Crazy Yiuf.
Crazy Yiuf is heavily wounded.
Crazy Yiuf hits you with a +4 quarterstaff of chaos!
You die...

..(.######.###....####.........#.
....# #.# #....# #.######...#
##### #.# #....# #..## #...# #.#
#...## #...####.... ####### #.#
##.## #...#....... ......# #.#
#.## #.#.#)##.#.. ..###.####.#
##.# #.....##.#.. <..........#
#.## #.#.#.##.... ..###.######
##@# ###.#.####.. ......# #g#
#........... ..##### ...
###.#.###.#. ### #...# ###.#.#
#.## #..)# #.....# #... #####
###.#)# ###. #...#.# #. ###
#########.#####.
#.###.......#.......


You could see Crazy Yiuf.

Vanquished Creatures
  Robin (D:2)
  2 dart slugs (D:2)
  2 bats
  2 endoplasms (D:2)
  3 giant cockroaches (D:2)
  13 goblins
  4 hobgoblins
  2 ball pythons (D:2)
  2 frilled lizards
  10 kobolds
  4 rats
45 creatures vanquished.

Notes
Turn   | Place    | Note
-------+----------+-------------------------------------------
     0 | D:1      | innerfire43 the Demonspawn Monk began the quest for the
                  | Orb.
     0 | D:1      | Reached XP level 1. HP: 18/18 MP: 1/1
    23 | D:1      | Found Wezuit Hoju's Antique Weapon Shoppe.
    76 | D:1      | Found Apnaij's Armour Emporium.
   110 | D:1      | Found Raxki's Magic Scroll Shop.
   167 | D:1      | Gained mutation: You sometimes gain a little power by
                  | taking damage. [demonic ancestry]
   167 | D:1      | Reached XP level 2. HP: 23/24 MP: 2/2
   253 | D:1      | Found Irownig's Magic Scroll Shoppe.
   453 | D:1      | Identified a scroll of acquirement
   453 | D:1      | Acquired 1218 gold pieces
   466 | D:1      | Bought the +10 tower shield of Ignorance {rN+ Int-4} for
                  | 630 gold pieces
   466 | D:1      | Found the +10 tower shield of Ignorance {rN+ Int-4}
   466 | D:1      | Bought the +2 leather armour of Impatience {rN+ Stlth+} for
                  | 286 gold pieces
   478 | D:1      | Bought a glowing double sword for 378 gold pieces
   551 | D:2      | Noticed Robin
   571 | D:2      | Reached skill level 1 in Long Blades
   571 | D:2      | Reached skill level 1 in Shields
   571 | D:2      | Gained mutation: You have a small tail. [demonic ancestry]
   571 | D:2      | Reached XP level 3. HP: 26/29 MP: 3/3
   573 | D:2      | Killed Robin
   776 | D:2      | Found a runed translucent door.
   777 | D:2      | Noticed Crazy Yiuf
   991 | D:2      | Reached XP level 4. HP: 35/35 MP: 4/4
  1095 | D:2      | Slain by Crazy Yiuf

Illustrated notes

Levels and vault maps discovered:
D:1:      grunt_arrival_crossed_arrows, layout_rooms, serial_shops,
          nicolae_shop_tiny_real_fake_doors, shop, nicolae_shop_tiny_waterfront,
          shop_coins
D:2:      layout_loops_cross, uniq_crazy_yiuf_cottage, uniq_robin

Skill      XL: |  1  2 |
---------------+-------+-----
Long Blades    | 1 |  1.7
Shields        | 1 |  1.7
Fighting       | |  3.2
Short Blades   | |  2.9
Dodging        | |  2.9

Action                     |  1- 3 |  4- 6 || total
---------------------------+-------+-------++-------
  Melee: Short sword       |    32 |       ||    32
         Double sword      |    47 |     8 ||    55
         Tailslap          |     2 |     1 ||     3
    Use: Scroll            |     3 |       ||     3
         Potion            |       |     1 ||     1
   Stab: Sleeping          |     9 |       ||     9
 Armour: Robe              |     4 |       ||     4
         Leather armour    |     9 |     1 ||    10
  Dodge: Dodged            |    28 |     1 ||    29
  Block: Tower shield      |    50 |     9 ||    59

Table legend: (Time is in decaauts)
 A = Elapsed time spent in this place.
 B = Non-inter-level travel time spent in this place.
 C = Inter-level travel time spent in this place.
 D = Time resting spent in this place.
 E = Time spent auto-exploring this place.
 F = Levels seen in this place.
 G = Mean time per level.
                   A        B        C        D        E       F      G
               +--------+--------+--------+--------+--------+-----+--------+
         Total |   1137 |   1110 |     27 |      0 |    805 |   2 |  568.5 |
       Dungeon |   1137 |   1110 |     27 |      0 |    805 |   2 |  568.5 |
               +--------+--------+--------+--------+--------+-----+--------+

Top non-repeatable levels by time:
     D:2: 635 daAuts
     D:1: 502 daAuts
